 Dungeon Crawl Stone Soup version 0.30-a0-341-g682706514a (webtiles) character file.

Game seed: 6308687341450580035

13195 Hubris850 the Frost Mage (level 12, -6/74 (91) HPs)
             Began as a Merfolk Transmuter on Nov 2, 2022.
             Was a Believer of Ignis.
             Mangled by Urug
             ... wielding a +0 great mace of draining
              (9 damage)
             ... on level 1 of the Lair of Beasts.
             The game lasted 00:34:09 (10742 turns).

Hubris850 the Frost Mage (Merfolk Transmuter)      Turns: 10742, Time: 00:34:09

HP:   -6/74 (91)    AC: 12    Str: 17    XL:     12   Next: 3%
MP:   20/20         EV: 10    Int: 13    God:    Ignis [**....]
Gold: 544           SH:  0    Dex: 14    Spells: 13/22 levels left

rFire   . . .      SeeInvis .      - Unarmed
rCold   + + +      Faith    .    (shield currently unavailable)
rNeg    . . .      Spirit   .    (body armour currently unavailable)
rPois   +          Reflect  .    (helmet currently unavailable)
rElec   .          Harm     .    (cloak currently unavailable)
rCorr   .          Rampage  .    (gloves currently unavailable)
Will    .....                    (boots currently unavailable)
Stlth   +.........               O - amulet of magic regeneration
HPRegen 0.32/turn                R - ring "Kaetuass" {rC+ Str+2 Slay+3}
MPRegen 0.57/turn                D - +4 ring of protection

@: ice-form (expiring), heavily drained
A: freezing attack, boosted hp, large, (nimble swimmer 2), (mertail)
a: End Transformation, Renounce Religion, Fiery Armour, Foxfire Swarm, Rising
Flame


You were on level 1 of the Lair of Beasts.
You worshipped Ignis.
Ignis was pleased with you.
You were a creature of crystalline ice.
You visited 2 branches of the dungeon, and saw 10 of its levels.
You also visited: Ossuary.

You collected 544 gold pieces.

Inventory:

Hand Weapons
 r - a +5 quarterstaff of chaos
Missiles
 v - 29 poisoned darts
 E - 2 atropa-tipped darts
 K - a curare-tipped dart
Armour
 a - a +0 robe
 e - the +1 cloak of Starlight (melded) {*Dazzle EV+4 Stlth--}
   (You acquired it on level 7 of the Dungeon)

   It may blind those who miss an attack against the wearer in melee combat.
   EV:        It affects your evasion (+4).
   Stlth:     It makes you much less stealthy.
 h - a +0 ring mail
 j - a +0 leather armour
 s - a +0 cloak
 G - a +0 pair of boots (melded)
 I - +2 steam dragon scales (melded)
 S - a +0 pair of gloves (melded)
Jewellery
 d - a +4 ring of evasion
 x - a ring of willpower
 y - a +6 ring of strength
 C - a +6 ring of intelligence
 D - a +4 ring of protection (right front paw)
 O - an amulet of magic regeneration (around neck)
 R - the ring "Kaetuass" (left front paw) {rC+ Str+2 Slay+3}
   (You acquired it on level 9 of the Dungeon)

   [ring of protection from cold]

   Str:       It affects your strength (+2).
   Slay:      It affects your accuracy & damage with ranged weapons and melee
   (+3).
   rC:        It protects you from cold.
Wands
 c - a wand of flame (58)
 l - a wand of charming (7)
 o - a wand of roots (7)
 M - a wand of polymorph (2)
 P - a wand of mindburst (10)
Scrolls
 f - 3 scrolls of poison
 i - 2 scrolls of teleportation
 n - 3 scrolls of immolation
 p - a scroll of magic mapping
 A - 2 scrolls of butterflies
 F - 3 scrolls of vulnerability
 H - 3 scrolls of identify
 J - a scroll of enchant weapon
 N - a scroll of enchant armour
Potions
 b - 4 potions of lignification
 g - 3 potions of invisibility
 k - 3 potions of mutation
 m - a potion of magic {unknown}
 q - 2 potions of curing
 t - 5 potions of brilliance
 u - 3 potions of berserk rage
 w - 6 potions of attraction
 z - 2 potions of resistance
 B - a potion of might
 L - a potion of flight {unknown}
 Q - 2 potions of ambrosia {unknown}


   Skills:
 - Level 1.1 Fighting
 - Level 2.6 Dodging
 + Level 13.1 Unarmed Combat
 - Level 5.6 Spellcasting
 - Level 8.1 Transmutations
 + Level 13.6 Ice Magic


You had 13 spell levels left.
You knew the following spells:

 Your Spells              Type           Power      Damage    Failure   Level
b - Wereblood             Tmut           24%        N/A       1%          2
c - Ice Form              Ice/Tmut       32%        N/A       1%          4
d - Ozocubu's Armour      Ice            39%        N/A       1%          3

Your spell library contained the following spells:

 Spells                   Type           Power      Damage    Failure   Level
 Beastly Appendage        Tmut           48%        N/A       1%          1
 Ensorcelled Hibernation  Hex/Ice        42%        N/A       1%          2
 Passwall                 Tmut/Erth      11%        N/A       4%          2
 Spider Form              Tmut/Pois      14%        N/A       10%         3
 Sandblast                Erth           6%         2d5       17%         1
 Ignite Poison            Fire/Tmut/Pois 10%        N/A       17%         3
 Blink                    Tloc           6%         N/A       26%         2
 Stone Arrow              Conj/Erth      6%         3d7       45%         3
 Ozocubu's Refrigeration  Ice            19%        4d11      50%         7
 Anguish                  Hex/Necr       1%         N/A       86%         4
 Manifold Assault         Tloc           3%         N/A       86%         4
 Sticky Flame             Conj/Fire      3%         2d3       86%         4
 Storm Form               Tmut/Air       7%         N/A       100%        7
 Ignition                 Fire           1%         3d3       100%        8
 Chain Lightning          Conj/Air       1%         3d2       100%        9
 Fire Storm               Conj/Fire      1%         8d1       100%        9
 Shatter                  Erth           1%         3d6*      100%        9


Dungeon Overview and Level Annotations

Branches:
Dungeon (9/15)             Temple (0/1) D:7            Lair (1/5) D:9
Ossuary (visited)
    Orc: D:9-12

Altars:
Cheibriados
Dithmenos
Makhleb
Nemelex Xobeh
Okawaru
Qazlal
Trog
Wu Jian
Zin
The Shining One
Ignis

Shops:
D:2 *   D:4 (:   D:7 [

Annotations:
Lair:1 Urug


Innate Abilities, Weirdness & Mutations

You are a creature of crystalline ice.
You have a powerful freezing melee attack.
Your maximum health is increased.
Your armour is entirely melded.
You are incapable of wielding weapons or throwing items.
((You are very nimble when in or above water. (Stealth+, EV+, Speed+++)))
((Your lower body shifts to a powerful aquatic tail in water.))


Message History

Unknown command.
Casting: Wereblood (safe; 1% risk of failure)
Confirm with . or Enter, or press ? or * to list all spells.
You turn into a creature of crystalline ice.
The +1 cloak of Starlight {*Dazzle EV+4 Stlth--} melds into your body.
Your +0 pair of gloves melds into your body.
Your +0 pair of boots melds into your body.
Your +2 steam dragon scales melds into your body.
You are a creature of crystalline ice.
Your movement speed is average.
Your attack delay is about 0.7.
Your damage rating with unarmed combat is about 32 (Base [12 + 13 (UC)] x 117% (Str) x 101% (Fight) + 3 (Slay)) + Freeze.
Your base attributes are Str 15, Int 13, Dex 14.
Unknown command.
Magic restored.
c - a wand of flame (58) (gained 11 charges) Urug the Orcish Ballista comes into view.
She is wielding a +0 great mace of draining.
Urug shouts!
Urug throws a javelin.
The javelin pierces through you!
Your transformation is almost over.
Urug hits you with a +0 great mace of draining!
You feel drained.
You hit Urug but do no damage.
Urug hits you with a +0 great mace of draining.
You feel drained.
You hit Urug. You freeze Urug.
Urug is lightly wounded.
Urug hits you with a +0 great mace of draining!!
You feel drained.
You pummel Urug!! You freeze Urug!
Urug is heavily wounded.
You punch Urug! You freeze Urug.
Urug is heavily wounded.
Urug hits you with a +0 great mace of draining!
You feel drained.
You pummel Urug!! You freeze Urug.
Urug is almost dead.
Urug hits you with a +0 great mace of draining!!
* * * LOW HITPOINT WARNING * * *
You feel drained.
You die...

.........#.#..##........
#..........##.##.#......
#...#......#...#........
#.............P.........
#...#......##....#......
#..........#..##.# ....
#.....##...##..#.# .....
..... #...P#.##.#......
..... #....#.##Y.......
..##o#...... ....
..#.#.... .... #... #
... .... #..P .. ..P.
##.#. . ..#. #.#. ..P>
....# ....


You could see Urug.

Vanquished Creatures
  A two-headed ogre (D:9)
  A catoblepas (Lair:1)
  5 elephants (Lair:1)
  A black mamba (Lair:1)
  A cane toad (Lair:1)
  A kobold demonologist (D:9)
  A troll (D:7)
  3 blink frogs (Lair:1)
  A shadow (D:9)
  Sigmund (D:2)
  A wyvern (D:9)
  21 yaks
  5 steam dragons
  An acid dragon (D:9)
  A water moccasin (D:8)
  7 orc warriors
  A boggart (D:9)
  An ogre (D:6)
  A centaur (D:8)
  2 phantoms (D:6)
  4 bullfrogs
  4 kobold brigands
  2 gnoll sergeants (D:9)
  2 necrophages
  2 scorpions
  5 wights
  15 killer bees
  2 electric eels (D:7)
  A howler monkey (D:5)
  3 jellies
  Crazy Yiuf (D:3)
  2 centaur zombies (Ossuary)
  A human zombie (Ossuary)
  7 orc priests
  3 hounds
  4 iguanas
  Natasha (thrice) (D:2)
  16 orc wizards
  2 human simulacra (D:9)
  6 mummies
  8 gnolls
  4 adders
  2 white imps
  5 worms
  A dart slug (D:1)
  22 orcs
  5 endoplasms
  2 giant cockroaches (D:1)
  8 goblins
  4 hobgoblins
  7 jackals
  5 quokkas
  7 ball pythons
  5 bats
  4 frilled lizards
  A gnoll zombie (Ossuary)
  4 goblin zombies
  10 kobolds
  2 orc zombies (Ossuary)
  4 rats
252 creatures vanquished.

Vanquished Creatures (others)
  2 orc wizards
  2 kobolds (D:9)
  46 foxfires (D:5)
  A fungus (Lair:1)
51 creatures vanquished.

Grand Total: 303 creatures vanquished

Notes
Turn   | Place    | Note
-------+----------+-------------------------------------------
     0 | D:1      | Hubris850 the Merfolk Transmuter began the quest for the
                  | Orb.
     0 | D:1      | Reached XP level 1. HP: 15/15 MP: 3/3
   225 | D:1      | Reached XP level 2. HP: 21/21 MP: 5/5
   478 | D:1      | Reached XP level 3. HP: 15/26 MP: 4/6
   881 | D:1      | Found a faded altar of an unknown god.
   884 | D:1      | Prayed at the altar of an unknown god.
   884 | D:1      | Became a worshipper of Ignis, the Dying Flame
  1101 | D:2      | Noticed Natasha
  1107 | D:2      | Killed Natasha
  1108 | D:2      | Reached skill level 5 in Unarmed Combat
  1108 | D:2      | Reached XP level 4. HP: 28/32 MP: 7/7
  1248 | D:2      | Noticed Sigmund
  1256 | D:2      | Killed Sigmund
  1257 | D:2      | Reached XP level 5. HP: 33/37 MP: 8/8
  1257 | D:2      | Reached XP level 6. HP: 38/43 MP: 9/9
  1260 | D:2      | Learned a level 2 spell: Wereblood
  1265 | D:2      | Learned a level 4 spell: Ice Form
  1301 | D:2      | Found Nisih's Assorted Antiques.
  1586 | D:2      | Noticed Natasha
  1593 | D:2      | Killed Natasha
  1594 | D:2      | Reached skill level 1 in Ice Magic
  1761 | D:2      | Noticed Natasha
  1771 | D:2      | Killed Natasha
  2153 | D:3      | Found a runed translucent door.
  2154 | D:3      | Noticed Crazy Yiuf
  2164 | D:3      | Killed Crazy Yiuf
  2916 | D:4      | Reached XP level 7. HP: 42/48 MP: 8/11
  3218 | D:4      | Found Lyopepov's Weapon Emporium.
  3336 | D:4      | Found Owoup's Book Shop.
  4066 | D:5      | Entered Level 5 of the Dungeon
  4093 | D:5      | Found a shadowy altar of Dithmenos.
  4095 | D:5      | Found an iron altar of Okawaru.
  4096 | D:5      | Found a glowing golden altar of the Shining One.
  4171 | D:5      | Reached skill level 5 in Transmutations
  4412 | D:5      | Found a sparkling altar of Nemelex Xobeh.
  4461 | D:5      | Reached XP level 8. HP: 42/54 MP: 13/13
  4655 | D:6      | Reached skill level 5 in Ice Magic
  5270 | D:6      | HP: 2/54 [steam dragon (7)]
  5740 | D:7      | Noticed a troll
  5757 | D:7      | Killed a troll
  5758 | D:7      | Reached skill level 5 in Spellcasting
  5758 | D:7      | Reached XP level 9. HP: 50/59 MP: 9/16
  5828 | D:7      | Found a sand-covered staircase.
  5833 | Ossuary  | Entered an ossuary
  6420 | D:7      | Found Eril's Antique Armour Boutique.
  6436 | D:7      | Found a bloodstained altar of Trog.
  6691 | D:7      | Found a snail-covered altar of Cheibriados.
  6849 | D:7      | Learned a level 3 spell: Ozocubu's Armour
  7587 | D:7      | Identified a scroll of acquirement
  7587 | D:7      | Acquired the +1 cloak of Starlight {*Dazzle EV+4 Stlth--}
  7587 | D:7      | Found the +1 cloak of Starlight {*Dazzle EV+4 Stlth--}
  7670 | D:7      | Found a staircase to the Ecumenical Temple.
  7979 | D:8      | Reached XP level 10. HP: 65/65 MP: 14/18
  8067 | D:8      | Reached skill level 10 in Ice Magic
  8197 | D:8      | Found a burning altar of Makhleb.
  8199 | D:8      | Found a glowing silver altar of Zin.
  8199 | D:8      | Noticed an angel
  8210 | D:8      | Noticed a cacodemon
  8406 | D:8      | Found an ornate altar of the Wu Jian Council.
  8958 | D:9      | Found a stormy altar of Qazlal.
  9075 | D:9      | Noticed a two-headed ogre
  9082 | D:9      | Reached skill level 10 in Unarmed Combat
  9089 | D:9      | Killed a two-headed ogre
  9159 | D:9      | Reached XP level 11. HP: 70/70 MP: 15/19
  9528 | D:9      | Found a staircase to the Lair.
  9695 | D:9      | Acquired the ring "Kaetuass" {rC+ Str+2 Slay+3}
  9763 | D:9      | Identified the +0 sling "Gyosink" {vorpal, rN+ Int+4 Dex+4
                  | Stlth+}
 10167 | Lair:1   | Entered Level 1 of the Lair of Beasts
 10198 | Lair:1   | Noticed a catoblepas
 10204 | Lair:1   | Killed a catoblepas
 10533 | Lair:1   | Reached XP level 12. HP: 30/76 MP: 20/20
 10733 | Lair:1   | Noticed Urug
 10742 | Lair:1   | HP: 3/79 [Urug/+0 great mace of draining (25)]
 10742 | Lair:1   | Mangled by Urug

Illustrated notes

Levels and vault maps discovered:
D:1:      grunt_arrival_crossed_arrows, layout_basic,
          hellmonk_ecumenical_altar_inner_sanctum
D:2:      layout_loops_ring, serial_shops, nicolae_square_shop,
          minmay_pentomino_u2, uniq_sigmund, uniq_natasha
D:3:      layout_basic, uniq_crazy_yiuf_cottage
D:4:      layout_basic, serial_shops, nicolae_shop_bloodbath_and_beyond, shop,
          kennysheep_generic_room_16
D:5:      layout_rooms, lemuel_coloured_pillars_altar,
          grunt_temple_overflow_open, st_stairs_5, minivault_23
D:6:      layout_loops_ring, roderic_filled_cross, st_stairs_9
D:7:      layout_basic, mainiacjoe_overflow_catch_the_wave,
          minmay_temple_entry_enclosed_plants, nicolae_ossuary_entry_giza,
          serial_shops, nicolae_shop_trees
D:8:      layout_loops_ring, grunt_temple_overflow_order_and_chaos_2,
          nzn_wu_jian_contemplation, chequers_serial_rivers_large_b
D:9:      minmay_imperfect_grid, layout_basic, nicolae_qazlal_style_of_elements,
          lair_entry_dummy, bh_circular_ruins
Lair:1:   layout_long_grid, chequers_serial_rivers_micro_e, uniq_urug

Skill      XL: |  1  2  3  4  5  6  7  8  9 10 11 |
---------------+----------------------------------+-----
Unarmed Combat | 4 5 7 8 10 13 | 13.1
Transmutations | 4 5 7 8 |  8.1
Ice Magic      | 2 4 7 9 11 13 | 13.6
Spellcasting   | 3 5 |  5.6
Fighting       | |  1.1
Dodging        | |  2.6

Action                   |  1- 3 |  4- 6 |  7- 9 | 10-12 || total
-------------------------+-------+-------+-------+-------++-------
Melee: Unarmed           |   112 |   110 |   175 |   281 ||   678
       Punch             |     2 |     2 |       |     1 ||     5
       Headbutt          |     2 |     3 |     1 |       ||     6
       Quarterstaff      |       |    15 |    73 |       ||    88
       Tailslap          |       |       |     1 |       ||     1
 Cast: Beastly Appendage |     1 |     4 |     2 |       ||     7
       Wereblood         |       |     2 |    11 |     9 ||    22
       Ice Form          |       |       |    18 |    11 ||    29
       Ozocubu's Armour  |       |       |     1 |     5 ||     6
Invok: Fiery Armour      |     1 |     2 |     1 |     1 ||     5
       Foxfire Swarm     |       |       |     2 |       ||     2
Evoke: Wand              |       |       |     1 |       ||     1
  Use: Potion            |       |     4 |     7 |     2 ||    13
       Scroll            |       |       |    15 |     1 ||    16
 Stab: Sleeping          |     2 |       |     2 |       ||     4
       Invisible         |       |       |       |     6 ||     6
Armor: Robe              |    17 |       |       |       ||    17
       Ring mail         |    15 |    25 |    29 |       ||    69
       Skin              |       |       |    33 |    96 ||   129
       Steam dragon scal |       |       |    12 |     8 ||    20
Dodge: Dodged            |    60 |    58 |   210 |   177 ||   505

Table legend: (Time is in decaauts)
 A = Elapsed time spent in this place.
 B = Non-inter-level travel time spent in this place.
 C = Inter-level travel time spent in this place.
 D = Time resting spent in this place.
 E = Time spent auto-exploring this place.
 F = Levels seen in this place.
 G = Mean time per level.
                   A        B        C        D        E       F      G
               +--------+--------+--------+--------+--------+-----+--------+
         Total |  10644 |  10466 |    178 |   1956 |   6167 |  11 |  967.6 |
       Dungeon |   9989 |   9811 |    178 |   1661 |   6126 |   9 | 1109.9 |
          Lair |    281 |    281 |      0 |    157 |     41 |   1 |  281.0 |
       Ossuary |    374 |    374 |      0 |    138 |      0 |   1 |  374.0 |
               +--------+--------+--------+--------+--------+-----+--------+

Top non-repeatable levels by time:
     D:7: 1682 daAuts
     D:9: 1483 daAuts
     D:4: 1178 daAuts
     D:8: 1107 daAuts
     D:6: 1081 daAuts
     D:3: 1064 daAuts
     D:1: 967 daAuts
     D:2: 845 daAuts
     D:5: 578 daAuts
 Ossuary: 374 daAuts
  Lair:1: 281 daAuts
